 Dungeon Crawl Stone Soup version 0.24-a0-581-gc0fa6600bf (webtiles) character file.

Game seed: 15299830309907057240

57819 GameOver the Covert (level 14, -1/207 HPs)
             Began as a Naga Wizard on Aug 25, 2019.
             Was the Champion of Okawaru.
             Slain by a death scarab (18 damage)
             ... in a Gauntlet.
             The game lasted 02:00:46 (14991 turns).

GameOver the Covert (Naga Wizard)                  Turns: 14991, Time: 02:00:47

Health: -1/207     AC: 25    Str: 21    XL:     14   Next: 87%
Magic:  4/28       EV:  7    Int: 22    God:    Okawaru [******]
Gold:   674        SH:  8    Dex: 20    Spells: 17/33 levels left

rFire    . . .     SeeInvis +   w - +6 mace of the Penguin {venom, *Contam +Rage rC++}
rCold    + + .     Gourm    .   (no shield)
rNeg     . . .     Faith    .   C - +2 ring mail of Perfidy {rElec MR+ Str+4 Dex+6}
rPois    +         Spirit   .   Z - +2 hat
rElec    +         Reflect  +   P - +0 cloak {MR+}
rCorr    .         Harm     .   i - +1 pair of gloves
MR       +++..     NoTele   +   A - +1 naga barding of Tulips {+Inv Str+2 Dex+3}
Stlth    ..........             s - brooch of Shielding {Reflect SH+8}
HPRegen  0.44/turn              h - +6 ring of slaying
MPRegen  0.21/turn              j - +4 ring of protection

@: berserking (expiring), hasted and slowed, lightly drained, very slow
A: large, see invisible, deformed body, poison resistance, slowness 2, slow
metabolism 1, spit poison 1, constrict 1, AC +4
a: Spit Poison, Heroism, Finesse, Renounce Religion, Evoke Berserk Rage, Evoke
Invisibility


You were in a Gauntlet.
You worshipped Okawaru.
Okawaru was exalted by your worship.
You were very hungry.

You visited 3 branches of the dungeon, and saw 19 of its levels.
You also visited: Gauntlet and Ice Cave.

You collected 1163 gold pieces.
You spent 489 gold pieces at shops.

Inventory:

Hand Weapons
 p - a +0 vampiric demon whip
 w - the +6 mace of the Penguin (weapon) {venom, *Contam +Rage rC++}
   (You bought it in a shop on level 4 of the Dungeon)

   It poisons the flesh of those it strikes.
   It greatly protects you from cold.
   It lets you go berserk.
   It causes magical contamination when unequipped.
 y - a +2 dagger of speed
 D - a +4 broad axe of chopping
 V - the +10 glaive of Dividends {elec, rElec, unknown}
   (Okawaru gifted it to you on level 5 of the Lair of Beasts)

   Occasionally, upon striking a foe, it will discharge some electrical energy
   and cause terrible harm.
   It insulates you from electricity.
Armour
 i - a +1 pair of gloves (worn)
 k - a +2 naga barding of flying
 t - a +1 helmet of intelligence
 A - the +1 naga barding of Tulips (worn) {+Inv Str+2 Dex+3}
   (Okawaru gifted it to you on level 1 of the Lair of Beasts)

   It affects your strength (+2).
   It affects your dexterity (+3).
   It lets you turn invisible.
 C - the +2 ring mail of Perfidy (worn) {rElec MR+ Str+4 Dex+6}
   (You found it on level 2 of the Lair of Beasts)

   It affects your strength (+4).
   It affects your dexterity (+6).
   It insulates you from electricity.
   It affects your resistance to hostile enchantments.
 P - a +0 cloak of magic resistance (worn)
 Z - a +2 hat (worn)
Jewellery
 h - a +6 ring of slaying (left hand)
 j - a +4 ring of protection (right hand)
 s - the brooch of Shielding (around neck) {Reflect SH+8}
   (You found it on level 6 of the Lair of Beasts)

   [amulet of reflection]

   It shields you and reflects attacks.
   It affects your SH (+8).
 K - an uncursed ring of protection from cold
 X - an uncursed ring of flight
Wands
 a - a wand of iceblast (8)
 m - a wand of disintegration (36)
 x - a wand of digging (13)
 Q - a wand of clouds (11)
 Y - a wand of scattershot (3)
Scrolls
 b - a scroll of fear {unknown}
 f - 6 scrolls of remove curse
 g - 3 scrolls of immolation {unknown}
 l - 4 scrolls of magic mapping
 q - a scroll of fog
 r - 11 scrolls of teleportation
 B - 2 scrolls of holy word {unknown}
 F - 3 scrolls of blinking {unknown}
 G - 2 scrolls of random uselessness {unknown}
 W - a scroll of vulnerability
Potions
 c - 3 potions of heal wounds
 e - 2 potions of agility
 n - 4 potions of ambrosia
 o - a potion of flight
 u - 5 potions of curing
 v - 4 potions of haste
 R - 3 potions of brilliance
Comestibles
 d - 39 rations


   Skills:
 - Level 12.0(11.4) Fighting
 - Level 4.0(3.5) Short Blades
 - Level 4.1(3.6) Maces & Flails
 - Level 4.0(3.5) Polearms
 - Level 6.0(5.5) Armour
 - Level 1.5(1.1) Dodging
 - Level 12.0(11.4) Stealth
 - Level 10.2(9.6) Spellcasting
 - Level 6.0(5.5) Conjurations
 * Level 4.2(3.8) Charms
 - Level 6.0(5.5) Summonings
 * Level 4.3(3.8) Necromancy
 - Level 3.0(2.5) Translocations
 - Level 9.0(8.4) Air Magic
 - Level 6.0(5.5) Poison Magic
 - Level 4.2(3.7) Invocations
 - Level 4.0(3.5) Evocations


You had 17 spell levels left.
You knew the following spells:

 Your Spells              Type           Power        Failure   Level  Hunger
a - Magic Dart            Conj           ####         1%          1    None
b - Blink                 Tloc           N/A          4%          2    None
d - Mephitic Cloud        Conj/Pois/Air  #####...     1%          3    None
f - Conjure Flame         Conj/Fire      ###.....     10%         3    None
q - Summon Lightning Spi  Summ/Air       #####...     5%          4    ##.....
x - Regeneration          Chrm/Necr      ####......   6%          3    None

Your spell library contained the following spells:

 Spells                   Type           Power        Failure   Level  Hunger
 Animate Skeleton         Necr           N/A          1%          1    None
 Pain                     Necr           ####         1%          1    None
 Summon Small Mammal      Summ           ####         1%          1    None
 Call Imp                 Summ           #####...     1%          2    None
 Call Canine Familiar     Summ           #####...     3%          3    None
 Vampiric Draining        Necr           ####......   6%          3    None
 Summon Guardian Golem    Hex/Summ       ###.....     10%         3    None
 Slow                     Hex            ##......     14%         2    None
 Animate Dead             Necr           N/A          21%         4    ##.....
 Summon Ice Beast         Ice/Summ       ###.....     30%         4    ##.....


Dungeon Overview and Level Annotations

Branches:
Dungeon (12/15)            Temple (1/1) D:4            Lair (6/6) D:10
  Swamp (0/4) Lair:2        Snake (0/4) Lair:4        Slime (0/5) Lair:6
  IceCv (visited)         Gauntlet (1/1)
    Orc: D:9-12

Altars:
Ashenzari
Cheibriados
Dithmenos
Elyvilon
Fedhas
Gozag
Hepliaklqana
Kikubaaqudgha
Makhleb
Nemelex Xobeh
Okawaru
Qazlal
Ru
Sif Muna
Trog
Uskayaw
Vehumet
Wu Jian
Xom
Yredelemnul
Zin
The Shining One
Jiyva

Shops:
D:4 *   D:9 }   D:10 [

Annotations:
D:11 2 runed translucent doors
D:12 Rupert Gauntlet 9 transporters


Innate Abilities, Weirdness & Mutations

You cannot wear boots.
Your serpentine skin is tough. (AC +4)
You have supernaturally acute eyesight. (SInv)
Armour fits poorly on your strangely shaped body.
Your system is resistant to poisons. (rPois)
You cover ground very slowly.
You have a slow metabolism.
You can spit poison.
You can use your snake-like lower body to constrict enemies.


Message History

Okawaru accepts your kill. You block the death scarab's attack.
Unknown command.
Your ring mail of Perfidy prevents you from hitting the death scarab.
You grab the death scarab. You constrict the death scarab.
The death scarab barely misses you. The death scarab bites you!
* * * LOW HITPOINT WARNING * * *
The death scarab drains your vigour!
You feel yourself slow down.
The death scarab draws strength from your injuries!
Your magical contamination has completely faded away.
You sock the death scarab!
The death scarab is moderately damaged.
You constrict the death scarab.
The death scarab struggles to escape constriction. x2
The death scarab escapes!
Unknown command.
You closely miss the death scarab. You grab the death scarab.
You constrict the death scarab, but do no damage.
You block the death scarab's attack. The death scarab bites you!!
You die...

####.#...#.^#####^.#..#8#
..#..#...#.#.....#^#..###
©?..y#...#....©....#..#
######...###########..###
.......§§...#.©.#.....#8#
......≈8≈§..#...#.8...###
.......§§...#.©.#.....#
######§§§###########..###
.....#...#.....s@..#..#8#
.....#...#...###s..#..###
####.#...#....#....#..#
#.#.##...#.#..#©.#.#..###
©...x#...#.#######.#..#8#
.#.#.#...#.#..#..#.#..###
####.#...#....#....#..#
.....#...#...#.#...#..###
©!..X#...#..[$©!=..#..#8#


You could see 2 death scarabs.

Vanquished Creatures
  Gastronok (D:9)
  A frost giant (IceCv)
  The ghost of Mindthief the Martial Artist, a journeyman OpFi of Okawaru (Lair:5)
  Josephine (Lair:6)
  The ghost of Protee the Blocker, a journeyman VSFi of Uskayaw (Lair:5)
  3 hydras (Lair:6)
  3 catoblepae (Lair:6)
  A two-headed ogre (D:8)
  6 death yaks (Lair:6)
  A tengu warrior (D:11)
  Sonja (Lair:2)
  A spectral hydra (Gauntlet)
  An oklob plant (Lair:3)
  15 elephants
  Joseph (Lair:1)
  A cyclops (D:9)
  2 manticores (Lair:6)
  4 black mambas
  8 spiny frogs
  A rime drake (IceCv)
  7 komodo dragons
  2 trolls
  A tengu conjurer (D:11)
  16 polar bears (IceCv)
  8 hippogriffs
  24 blink frogs
  5 wyverns
  51 yaks
  A basilisk (Lair:3)
  3 hungry ghosts
  A hog (shapeshifter) (D:11)
  A spectral komodo dragon (Gauntlet)
  Grum (Lair:1)
  Menkaure (D:6)
  A spectral spiny frog (Gauntlet)
  2 swamp worms (Lair:2)
  An acid dragon (D:11)
  6 porcupines
  2 hell hounds (Gauntlet)
  7 water moccasins
  3 ice beasts
  3 orc warriors
  A black bear (Lair:3)
  2 sky beasts
  35 wolves
  A necrophage (D:9)
  8 ogres
  7 centaurs
  9 crocodiles
  2 big kobolds
  15 bullfrogs
  A wyvern skeleton (D:9)
  3 scorpions
  14 killer bees
  A jelly (D:9)
  7 wights
  4 electric eels (D:10)
  3 howler monkeys
  4 crimson imps
  2 bullfrog zombies
  10 hounds
  7 orc priests
  A gnoll shaman (D:3)
  Crazy Yiuf (D:7)
  4 bullfrog skeletons
  4 iguanas
  5 orc wizards
  4 worker ants
  A statue (D:4)
  A killer bee zombie (D:10)
  3 gnolls (D:3)
  10 adders
  2 shadow imps
  12 white imps
  3 adder skeletons
  An adder zombie (D:5)
  2 worms
  2 dart slugs
  3 leopard geckos
  18 orcs
  5 ball pythons
  5 giant cockroaches
  14 goblins
  3 hobgoblins
  19 jackals
  7 quokkas
  6 bats
  6 frilled lizards
  7 kobolds
  A leopard gecko skeleton (D:5)
  6 rats
493 creatures vanquished.

Vanquished Creatures (collateral kills)
  A balrug (Gauntlet)
  3 death yaks (Lair:6)
  A tengu warrior (D:11)
  An orc knight (D:11)
  An oklob plant (Lair:3)
  An elephant (Lair:3)
  A spiny frog (Lair:6)
  A polar bear (IceCv)
  6 blink frogs
  9 yaks
  4 wraiths (Lair:6)
  A crocodile (Lair:6)
  A plant (Lair:3)
31 creatures vanquished.

Vanquished Creatures (others)
  A kobold (D:7)
  A bush (Lair:6)
  A demonic plant (Gauntlet)
  6 fungi
  5 plants
  5 withered plants (Lair:5)
19 creatures vanquished.

Grand Total: 543 creatures vanquished

Notes
Turn   | Place    | Note
-------+----------+-------------------------------------------
     0 | D:1      | GameOver the Naga Wizard began the quest for the Orb.
     0 | D:1      | Reached XP level 1. HP: 15/15 MP: 4/4
   307 | D:1      | Reached XP level 2. HP: 22/22 MP: 6/6
  1096 | D:2      | Reached XP level 3. HP: 16/28 MP: 4/7
  1100 | D:2      | Learned a level 2 spell: Blink
  1104 | D:2      | Learned a level 3 spell: Mephitic Cloud
  1111 | D:2      | Reached skill level 1 in Short Blades
  1151 | D:2      | Found a faded altar of an unknown god.
  1250 | D:2      | Reached XP level 4. HP: 36/36 MP: 2/8
  1476 | D:2      | Found a glowing golden altar of the Shining One.
  1741 | D:3      | Reached XP level 5. HP: 42/42 MP: 5/9
  1867 | D:3      | Reached XP level 6. HP: 19/49 MP: 6/10
  2415 | D:4      | Reached skill level 5 in Conjurations
  2459 | D:4      | Learned a level 3 spell: Conjure Flame
  2462 | D:4      | Found a radiant altar of Vehumet.
  2509 | D:4      | Found Guucw's Assorted Antiques.
  2517 | D:4      | Bought a scroll of amnesia for 84 gold pieces
  2517 | D:4      | Bought a scroll of identify for 48 gold pieces
  2517 | D:4      | Bought a scroll labeled YFIR DIBULYENENT for 24 gold pieces
  2657 | D:4      | Found a staircase to the Ecumenical Temple.
  2667 | Temple   | Entered the Ecumenical Temple
  2942 | D:4      | Found a shattered altar of Ashenzari.
  2964 | D:4      | Found a shimmering blue altar of Sif Muna.
  3063 | D:4      | Found a sacrificial altar of Ru.
  3143 | D:5      | Entered Level 5 of the Dungeon
  3166 | D:5      | Noticed a sky beast
  3176 | D:5      | Killed a sky beast
  3176 | D:5      | Reached XP level 7. HP: 47/55 MP: 7/11
  3304 | D:5      | Reached skill level 1 in Poison Magic
  3448 | D:5      | Reached skill level 1 in Fighting
  3788 | D:5      | Reached XP level 8. HP: 63/64 MP: 13/13
  3850 | D:5      | Reached skill level 5 in Stealth
  3990 | D:6      | Noticed Menkaure
  4038 | D:6      | Reached skill level 1 in Polearms
  4065 | D:6      | Found a hide-covered altar of Uskayaw.
  4136 | D:6      | Killed Menkaure
  4232 | D:6      | Reached skill level 5 in Poison Magic
  4354 | D:6      | Got a bloodstained ring mail
  4372 | D:6      | Found an iron altar of Okawaru.
  4372 | D:6      | Found a bloodstained altar of Trog.
  4373 | D:6      | Found a snail-covered altar of Cheibriados.
  4379 | D:6      | Became a worshipper of Warmaster Okawaru
  4527 | D:7      | Reached XP level 9. HP: 75/75 MP: 9/15
  4609 | D:7      | Reached * piety under Okawaru
  4683 | D:7      | Reached skill level 1 in Invocations
  4710 | D:7      | Reached skill level 5 in Spellcasting
  4800 | D:7      | Found an ancient bone altar of Kikubaaqudgha.
  5079 | D:7      | Reached skill level 5 in Fighting
  5125 | D:7      | Found a runed translucent door.
  5126 | D:7      | Noticed Crazy Yiuf
  5132 | D:7      | Killed Crazy Yiuf
  5240 | D:8      | Found a glowing silver altar of Zin.
  5273 | D:8      | Reached ** piety under Okawaru
  5273 | D:8      | Reached XP level 10. HP: 88/88 MP: 14/18
  5832 | D:8      | Noticed a two-headed ogre
  5849 | D:8      | Killed a two-headed ogre
  5849 | D:8      | Reached *** piety under Okawaru
  5860 | D:8      | Got a dazzling dagger
  5861 | D:8      | Identified the +3 dagger of Integrity {drain, SInv} (You
                  | found it on level 8 of the Dungeon)
  6299 | D:9      | Noticed Gastronok
  6330 | D:9      | Noticed a cyclops
  6350 | D:9      | Killed Gastronok
  6350 | D:9      | Reached **** piety under Okawaru
  6350 | D:9      | Reached skill level 10 in Stealth
  6350 | D:9      | Reached XP level 11. HP: 74/106 MP: 16/20
  6377 | D:9      | Killed a cyclops
  6633 | D:9      | Found Xycixuot's Gadget Shoppe.
  6894 | D:10     | Entered Level 10 of the Dungeon
  6919 | D:10     | Reached skill level 10 in Fighting
  7188 | D:10     | Reached ***** piety under Okawaru
  7222 | D:10     | Learned a level 4 spell: Summon Lightning Spire
  7329 | D:10     | Found Xiosmoe's Armour Shop.
  7346 | D:10     | Identified a scroll of acquirement
  7366 | D:10     | Identified the +8 ring mail of a Million Dances {MR+} (You
                  | found it on level 6 of the Dungeon)
  7499 | D:10     | Found a staircase to the Lair.
  7645 | D:10     | Reached skill level 1 in Air Magic
  7895 | D:4      | Bought a sedimented white potion for 21 gold pieces
  7895 | D:4      | Bought a bone ring for 120 gold pieces
  7895 | D:4      | Bought a crystal mace for 192 gold pieces
  7899 | D:4      | Identified the +6 mace of the Penguin {venom, *Contam +Rage
                  | rC++} (You bought it in a shop on level 4 of the Dungeon)
  8035 | Lair:1   | Entered Level 1 of the Lair of Beasts
  8035 | Lair:1   | Noticed Joseph
  8050 | Lair:1   | Killed Joseph
  8185 | Lair:1   | Reached skill level 1 in Maces & Flails
  8243 | Lair:1   | Reached skill level 1 in Armour
  8403 | Lair:1   | Noticed Grum
  8417 | Lair:1   | Killed Grum
  8495 | Lair:1   | Reached XP level 12. HP: 112/116 MP: 18/22
  8523 | Lair:1   | Received a gift from Okawaru
  8524 | Lair:1   | Got a polished naga barding {god gift}
  8530 | Lair:1   | Identified the +1 naga barding of Tulips {+Inv Str+2 Dex+3}
                  | (Okawaru gifted it to you on level 1 of the Lair of Beasts)
  9198 | Lair:2   | Found a staircase to the Swamp.
  9348 | Lair:2   | Got a fine ring mail
  9359 | Lair:2   | Identified the +2 ring mail of Perfidy {rElec MR+ Str+4
                  | Dex+6} (You found it on level 2 of the Lair of Beasts)
  9517 | Lair:2   | Noticed Sonja
  9526 | Lair:2   | Killed Sonja
  9586 | Lair:2   | Reached skill level 5 in Summonings
 10111 | Lair:3   | Reached skill level 5 in Air Magic
 10688 | Lair:3   | Reached ****** piety under Okawaru
 10877 | Lair:4   | Reached skill level 5 in Armour
 11043 | Lair:4   | Gained mutation: You can use your snake-like lower body to
                  | constrict enemies. [Naga growth]
 11043 | Lair:4   | Reached XP level 13. HP: 100/123 MP: 17/23
 11173 | Lair:4   | Found a staircase to the Snake Pit.
 11522 | Lair:5   | Found a frozen archway.
 11532 | IceCv    | Entered an ice cave
 11593 | IceCv    | Received a gift from Okawaru
 11895 | IceCv    | Noticed a frost giant
 11905 | IceCv    | Killed a frost giant
 11905 | IceCv    | Received a gift from Okawaru
 11906 | IceCv    | Got an ancient dagger {god gift}
 12046 | Lair:5   | Found a runed translucent gate.
 12046 | Lair:5   | Found a runed translucent gate.
 12046 | Lair:5   | Found a runed translucent gate.
 12285 | Lair:5   | Received a gift from Okawaru
 12439 | Lair:5   | Noticed Protee's ghost (journeyman VSFi)
 12490 | Lair:5   | Got a bloodstained glaive {god gift}
 12715 | Lair:5   | Noticed Mindthief's ghost (journeyman OpFi)
 12737 | Lair:5   | Killed Protee's ghost
 12738 | Lair:5   | Killed Mindthief's ghost
 12760 | Lair:6   | Entered Level 6 of the Lair of Beasts
 12768 | Lair:6   | Reached XP level 14. HP: 121/135 MP: 15/26
 12775 | Lair:6   | Noticed Josephine
 12972 | Lair:6   | Found a viscous altar of Jiyva.
 12972 | Lair:6   | Found a staircase to the Slime Pits.
 12992 | Lair:6   | Received a gift from Okawaru
 12992 | Lair:6   | Reached skill level 1 in Evocations
 13440 | Lair:6   | Received a gift from Okawaru
 13450 | Lair:6   | Killed Josephine
 13531 | Lair:6   | Reached skill level 10 in Spellcasting
 13596 | Lair:6   | Learned a level 3 spell: Regeneration
 13869 | Lair:6   | Reached skill level 1 in Necromancy
 13871 | Lair:6   | Reached skill level 1 in Charms
 14152 | Lair:6   | Found the brooch of Shielding {Reflect SH+8}
 14506 | D:9      | Found a sparkling altar of Nemelex Xobeh.
 14611 | D:11     | Found a gate leading to a gauntlet.
 14630 | D:11     | Found a large runed translucent door.
 14631 | D:11     | Found a large runed translucent door.
 14636 | D:11     | Noticed a storm dragon
 14689 | D:12     | Noticed Rupert
 14713 | Gauntlet | Entered a Gauntlet
 14713 | Gauntlet | Found a transporter.
 14713 | Gauntlet | Found a transporter.
 14722 | Gauntlet | Found a transporter.
 14740 | Gauntlet | Found a transporter.
 14756 | Gauntlet | Found a transporter.
 14766 | Gauntlet | Found a transporter.
 14781 | Gauntlet | Found a transporter.
 14787 | Gauntlet | Found a transporter.
 14801 | Gauntlet | Found a transporter.
 14820 | Gauntlet | Found a transporter.
 14824 | Gauntlet | Found a transporter.
 14825 | Gauntlet | Noticed a balrug
 14861 | Gauntlet | Found a transporter.
 14938 | Gauntlet | Killed a balrug
 14938 | Gauntlet | Received a gift from Okawaru
 14991 | Gauntlet | Slain by a death scarab

Levels and vault maps discovered:
D:1:      eino_arrival_tree_alley, layout_basic, serial_bayou_pond_d
D:2:      layout_basic, tso_metal_star, chequers_ecumenical_altar_island,
          minmay_small_reverse_x
D:3:      layout_basic, first_ration
D:4:      layout_rooms, cheibrodos_ashenzari_chains, lemuel_doored_altar,
          old_standard_altar, vehumet_statue, minmay_temple_entry_proselytizer,
          serial_shops, nicolae_shop_trees, minmay_hedge_maze,
          minmay_misc_feat_columns, minivault_19
D:5:      minmay_razor_zed, layout_loops_ring
D:6:      layout_cave_pools, lemuel_crystal_altar,
          gammafunk_temple_overflow_claw, uniq_menkaure
D:7:      layout_rooms, kiku_gazebo_pond_becter, kennysheep_generic_room_14,
          uniq_crazy_yiuf_cottage
D:8:      layout_basic, overflow_temple_1_default, blue_anna_alchemist
          [blue_anna_fruit_fields, blue_anna_fruit_fields]
D:9:      layout_roguey, nicolae_overflow_hidden_temple, serial_shops, shop,
          uniq_gastronok
D:10:     cheibrodos_iron_armory, layout_small_grid, erik_lair_island,
          serial_shops, shop
D:11:     layout_roguey, gauntlet_entry_generic, jmf_multi_god_temple2,
          uniq_psyche, uniq_harold
D:12:     layout_rooms, erik_orc_4, uniq_rupert
Temple:   jpeg_temple_alley_garden
Lair:1:   layout_hall_layers, chequers_serial_rivers_room_b, grunt_megastairs_2,
          lemuel_fruit_fields, lemuel_fruit_tree, uniq_grum, uniq_joseph
Lair:2:   layout_cave_pods, minmay_swamp_entry_worms, uniq_sonja
Lair:3:   layout_gridlike, minmay_lair_oklob_chamber
Lair:4:   layout_long_grid, dummy_snake_entry, serial_rivers,
          chequers_serial_rivers_large_a, chequers_serial_rivers_marsh,
          chequers_serial_rivers_micro_d, chequers_serial_rivers_micro_d,
          chequers_serial_rivers_micro_c, chequers_serial_rivers_micro_e
Lair:5:   layout_loops_ring, gammafunk_ghost_cemetery,
          portal_ice_cave_entry_imps
Lair:6:   evilmike_catoblepas_cave, layout_cave_pods,
          dpeg_slime_entry_enclosed_altar, grunt_megastairs_3, uniq_josephine
Gauntlet: gammafunk_gauntlet_shortcut [nicolae_gauntlet_arena_blocks,
          nicolae_gauntlet_arena_t_cross, gammafunk_gauntlet_arena_chambers,
          gammafunk_gauntlet_arena_crates, gammafunk_gauntlet_arena_mazey,
          gammafunk_gauntlet_arena_teeth, gauntlet_exit_hidden_loot]

Skill      XL: |  1  2  3  4  5  6  7  8  9 10 11 12 13 14 |
---------------+-------------------------------------------+-----
Conjurations   | 2 3 4 6 |  6.0
Short Blades   | 1 2 3 4 |  4.0
Poison Magic   | 2 5 6 |  6.0
Fighting       | 1 3 5 9 10 11 12 | 12.0
Stealth        | 4 6 10 12 | 12.0
Translocations | 3 |  3.0
Polearms       | 3 4 |  4.0
Spellcasting   | 4 5 6 7 8 10 | 10.2
Invocations    | 3 4 |  4.2
Air Magic      | 3 6 9 |  9.0
Summonings     | 3 6 |  6.0
Maces & Flails | 2 4 |  4.1
Armour         | 1 5 6 |  6.0
Evocations     | 4 |  4.0
Necromancy     | 4 |  4.3
Charms         | 4 |  4.2
Dodging        | |  1.5

Action                   |  1- 3 |  4- 6 |  7- 9 | 10-12 | 13-15 || total
-------------------------+-------+-------+-------+-------+-------++-------
Melee: Club              |     2 |       |       |       |       ||     2
       Dagger            |    19 |    80 |    64 |       |       ||   163
       Hand axe          |     3 |       |       |       |       ||     3
       Spear             |       |       |   150 |   232 |       ||   382
       Trident           |       |       |     5 |       |       ||     5
       Mace              |       |       |       |   182 |   417 ||   599
       Constrict         |       |       |       |       |   110 ||   110
       Punch             |       |       |       |       |     7 ||     7
 Cast: Magic Dart        |    18 |    25 |    82 |   102 |    20 ||   247
       Mephitic Cloud    |       |     3 |    14 |    51 |    44 ||   112
       Conjure Flame     |       |       |     9 |    32 |    28 ||    69
       Blink             |       |       |     9 |     1 |    11 ||    21
       Summon Lightning  |       |       |       |     3 |    32 ||    35
       Regeneration      |       |       |       |       |     3 ||     3
Invok: Heroism           |       |       |       |     1 |    16 ||    17
       Finesse           |       |       |       |       |     1 ||     1
 Abil: Spit Poison       |    22 |    37 |    47 |    92 |    79 ||   277
       Evoke Berserk Rag |       |       |       |       |     1 ||     1
Evoke: Wand              |       |       |     1 |     4 |     1 ||     6
  Use: Scroll            |       |     6 |       |     6 |     9 ||    21
       Potion            |       |       |       |       |     5 ||     5
 Stab: Confused          |       |     2 |     7 |    33 |    33 ||    75
       Sleeping          |       |     1 |     1 |     8 |     1 ||    11
       Distracted        |       |       |       |     1 |     7 ||     8
  Eat: Chunk             |     2 |     8 |    10 |    23 |    14 ||    57
       Ration            |       |       |       |       |     1 ||     1
Armor: Robe              |    12 |    23 |    44 |    45 |       ||   124
       Ring mail         |       |       |       |   106 |   360 ||   466
Dodge: Dodged            |     9 |    23 |    47 |   147 |   186 ||   412
Block: Other             |       |       |       |       |    40 ||    40
       Reflection        |       |       |       |       |     1 ||     1

Table legend:
 A = Non-vault XP
 B = Vault XP
 C = Vault XP percentage of total XP
 D = Non-vault monster count
 E = Vault monster count
 F = Vault count percentage of total count
                 A         B        C        D         E       F
            +---------+---------+-------+---------+---------+-------
      Total |   49807 |   32792 |  39.7 |     375 |     148 |  28.3
            +---------+---------+-------+---------+---------+-------
        D:1 |      28 |       0 |   0.0 |      18 |       0 |   0.0
        D:2 |      83 |      19 |  18.6 |      19 |       4 |  17.4
        D:3 |     365 |       0 |   0.0 |      33 |       0 |   0.0
        D:4 |      20 |      76 |  79.2 |      11 |       2 |  15.4
        D:5 |     585 |     143 |  19.6 |      19 |       8 |  29.6
        D:6 |     847 |     172 |  16.9 |      16 |       1 |   5.9
        D:7 |    1897 |     173 |   8.4 |      35 |       2 |   5.4
        D:8 |    1763 |     100 |   5.4 |      12 |       1 |   7.7
        D:9 |    4096 |    2389 |  36.8 |      33 |       2 |   5.7
       D:10 |    1391 |     756 |  35.2 |      25 |       7 |  21.9
       D:11 |    1488 |    1366 |  47.9 |       9 |       4 |  30.8
     Lair:1 |    2736 |    1347 |  33.0 |      17 |       8 |  32.0
     Lair:2 |    4029 |    1094 |  21.4 |      20 |       3 |  13.0
     Lair:3 |    5376 |     566 |   9.5 |      22 |       2 |   8.3
     Lair:4 |    4051 |       0 |   0.0 |      20 |       0 |   0.0
     Lair:5 |    8487 |    1624 |  16.1 |      29 |      13 |  31.0
     Lair:6 |   12565 |   10273 |  45.0 |      37 |      35 |  48.6
      IceCv |       0 |    9930 | 100.0 |       0 |      50 | 100.0
   Gauntlet |       0 |    2764 | 100.0 |       0 |       6 | 100.0
            +---------+---------+-------+---------+---------+-------
